 Dungeon Crawl Stone Soup version 0.29.1-1-gd02db6906a (webtiles) character file.

Game seed: 3519135677190289809

161943 brightshaft the Bludgeoner (level 17, 0/160 (162) HPs)
             Began as a Minotaur Berserker on Sept 26, 2022.
             Was the Champion of Trog.
             Killed from afar by a deep elf high priest (32 damage)
             ... with damnation
             ... on level 3 of the Elven Halls.
             The game lasted 01:00:19 (30355 turns).

brightshaft the Bludgeoner (Minotaur Berserker)    Turns: 30355, Time: 01:00:20

HP:   0/160 (162)   AC: 40    Str: 35    XL:     17   Next: 21%
MP:   16/16         EV: 12    Int:  4    God:    Trog [******]
Gold: 845           SH:  0    Dex: 10    Spells: 16/16 levels left

rFire   + . .      SeeInvis .   R - +8 great mace (vorpal)
rCold   + . .      Faith    .   (shield currently unavailable)
rNeg    . . .      Spirit   .   I - +9 scales of the Dragon King {rPois rF+ rC+ Will+}
rPois   +          Reflect  .   (helmet restricted)
rElec   .          Harm     .   g - +2 cloak
rCorr   .          Rampage  .   O - +1 pair of gloves
Will    +++++                   f - +2 pair of boots of the Slug {Regen+ Str+5}
Stlth   ..........              J - amulet of Vitality {RegenMP++ Regen++}
HPRegen 3.76/turn               p - +4 ring of slaying
MPRegen 0.95/turn               S - ring of willpower

@: about to teleport, strong-willed, regenerating, lightly drained
A: horns 2, retaliatory headbutt
a: Renounce Religion, Berserk, Trog's Hand, Brothers in Arms


You were on level 3 of the Elven Halls.
You worshipped Trog.
Trog was exalted by your worship.
You visited 4 branches of the dungeon, and saw 25 of its levels.
You also visited: Ossuary and Ice Cave.

You collected 3752 gold pieces.
You spent 2907 gold pieces at shops.

Inventory:

Hand Weapons
 a - the +10 mace "Nerovott" {speed, rElec rCorr Int+3 Dex-5}
   (You found it on level 6 of the Dungeon)

   Attacks with this weapon are significantly faster.
   Int:       It affects your intelligence (+3).
   Dex:       It affects your dexterity (-5).
   rElec:     It insulates you from electricity.
   rCorr:     It protects you from acid and corrosion.
 R - a +8 vorpal great mace (weapon)
Missiles
 C - 5 throwing nets
Armour
 f - the +2 pair of boots of the Slug (worn) {Regen+ Str+5}
   (You bought it in a shop on level 10 of the Dungeon)

   Str:       It affects your strength (+5).
   Regen:     It increases your rate of health regeneration.
 g - a +2 cloak (worn)
 I - the +9 scales of the Dragon King (worn) {rPois rF+ rC+ Will+}
   (You bought it in a shop on level 3 of the Dungeon)

   rF:        It protects you from fire.
   rC:        It protects you from cold.
   rPois:     It protects you from poison.
   Will:      It increases your willpower.
 O - a +1 pair of gloves (worn)
 T - a scarf of repulsion
Jewellery
 c - a ring of protection from fire
 e - a ring of protection from fire
 p - a +4 ring of slaying (left hand)
 t - the ring of Diwyzxis {rN+ Will+ Str+3 Dex-4 Stlth+}
   (You found it on level 3 of the Dungeon)

   [ring of willpower]

   Str:       It affects your strength (+3).
   Dex:       It affects your dexterity (-4).
   rN:        It protects you from negative energy.
   Will:      It increases your willpower.
   Stlth:     It makes you more stealthy.
 x - a ring of protection from cold
 B - the ring of Xotz {rF+ Str+4}
   (You found it on level 5 of the Lair of Beasts)

   [ring of protection from fire]

   Str:       It affects your strength (+4).
   rF:        It protects you from fire.
 J - the amulet of Vitality (around neck) {RegenMP++ Regen++}
   (You acquired it on level 10 of the Dungeon)

   [amulet of magic regeneration]

   It increases your rate of magic regeneration.
   Regen:     It increases your rate of health regeneration.
 K - a ring of poison resistance
 S - a ring of willpower (right hand)
 W - a ring of see invisible
Wands
 q - a wand of quicksilver (2)
 u - a wand of mindburst (7)
 w - a wand of flame (52)
 A - a wand of digging (6)
 D - a wand of polymorph (17)
 M - a wand of iceblast (11)
 Z - a wand of charming (17)
Scrolls
 h - 2 scrolls of magic mapping
 j - a scroll of silence
 k - 15 scrolls of teleportation
 s - a scroll of poison
 y - 7 scrolls of identify
 F - a scroll of fog
 G - 4 scrolls of blinking
 P - 4 scrolls of fear
 Y - a scroll of enchant weapon
Potions
 d - 3 potions of might
 i - 4 potions of brilliance
 l - 6 potions of magic
 m - 12 potions of curing
 n - 7 potions of lignification
 o - 2 potions of heal wounds
 r - 6 potions of haste
 v - a potion of cancellation {unknown}
 z - 4 potions of mutation
 E - 3 potions of ambrosia
 H - 2 potions of resistance
 L - 5 potions of attraction
 N - 2 potions of berserk rage
 Q - 3 potions of flight
 U - 2 potions of invisibility
 X - a potion of experience {unknown}
Miscellaneous
 b - a phial of floods
 V - a phantom mirror


   Skills:
 + Level 17.4 Fighting
 - Level 8.6(15.1) Axes
 - Level 19.3(20.0) Maces & Flails
 + Level 17.4 Armour
 + Level 16.0 Dodging
 + Level 8.5 Evocations


You had 16 spell levels left.
You didn't know any spells.
Your spell library was empty.

Dungeon Overview and Level Annotations

Branches:
Dungeon (15/15)            Temple (0/1) D:5            Lair (5/5) D:9
  Swamp (0/4) Lair:2       Spider (0/4) Lair:3        Slime (0/5) Lair:4
    Orc (2/2) D:12            Elf (3/3) Orc:2        Vaults (0/5) D:13
 Depths (0/4) D:15        Ossuary (visited)           IceCv (visited)

Altars:
Cheibriados
Gozag
Okawaru
Vehumet
Zin
Jiyva

Shops:
D:1 (   D:3 [   D:9 (   D:10 [::??   Orc:2 (*:[   Elf:1 (   Elf:3 *

Portals:
Trove: D:10 (give scales of the Dragon King)


Innate Abilities, Weirdness & Mutations

You have a pair of horns on your head.
You reflexively headbutt those who attack you in melee.


Message History

The deep elf annihilator mumbles some strange words.
The deep elf annihilator blinks!
The deep elf high priest hits you but does no damage.
You feel drained.
The Ice Fiend calls on the powers of darkness!
The deep elf sorcerer convulses!
The deep elf demonologist convulses!
The deep elf high priest convulses!
The deep elf archer convulses!
Your body is wracked with pain!
The deep elf sorcerer convulses!
You are too injured to fight recklessly!
Unknown command.
You are too injured to fight recklessly!
You are too injured to fight recklessly!
Unknown command.
As you read the scroll of teleportation, it crumbles to dust.
You feel strangely unstable.
The deep elf high priest hits you but does no damage.
You feel drained.
A deep elf death mage comes into view. It is wielding a +0 short sword.
A deep elf annihilator comes into view. It is wielding a +0 rapier.
The deep elf annihilator gestures wildly while chanting.
The deep elf annihilator blinks!
The Ice Fiend calls on the powers of darkness!
The deep elf sorcerer convulses!
The deep elf demonologist convulses!
The deep elf high priest convulses!
The deep elf archer convulses!
The deep elf death mage convulses!
Your body is wracked with pain!
* * * LOW HITPOINT WARNING * * *
The deep elf sorcerer convulses!
The deep elf annihilator convulses!
Your skin crawls.
You feel strong-willed.
The deep elf high priest invokes the aid of its god against you.
Something smites you!
* * * LOW HITPOINT WARNING * * *
The deep elf death mage beckons forth a restless soul!
A deep elf elementalist comes into view.
It is wielding a +0 rapier.
The deep elf demonologist mumbles some strange words.
The deep elf annihilator gestures wildly while chanting.
The deep elf annihilator blinks!
The deep elf high priest invokes the aid of its god against you.
The sphere of damnation explodes!
The damnation engulfs you!!
You die...

##..###...####
##...##.....##.#
#....#.##.##.#..#
### #.....###.#
#....###..
#......##.#
...#.##..
##..^.###.#
..##)...
##.)..#...
.###).. #.).#§#..
#... #.)@##.#
#... #.#)# ##
#### #.##e# ##
#1# #e#


ee2 .2e .e§ ....e You could see an Ice Fiend (summoned), a reaper (summoned), a
deep elf death mage, a blizzard demon (summoned), 2 deep elf sorcerers, a deep
elf demonologist, a deep elf archer (repels missiles) and a deep elf high
priest.

Vanquished Creatures
  A deep elf blademaster (Elf:2)
  3 deep elf sorcerers
  A caustic shrike zombie (D:15)
  An orc warlord (Orc:2)
  2 deep elf elementalists (Elf:3)
  Josephine (D:12)
  A deep elf high priest (Elf:3)
  Fannar (Lair:2)
  Erolcha (Orc:1)
  A rakshasa (D:14)
  4 vault guards (D:13)
  3 catoblepae (Lair:5)
  Harold (D:11)
  5 hydras
  6 two-headed ogres
  5 centaur warriors
  5 boulder beetles
  Erica (Orc:1)
  4 tengu warriors
  27 dancing weapons
  11 death yaks
  2 orc high priests (Orc:2)
  Nergalle (D:12)
  A spark wasp zombie (D:15)
  15 deep elf knights
  A golden dragon zombie (D:15)
  8 skeletal warriors
  12 deep elf archers
  A bog body (IceCv)
  A phantasmal warrior (D:15)
  2 necromancers
  5 orc knights
  27 deep elf zephyrmancers
  25 deep elf pyromancers
  4 orc sorcerers
  2 manticores (Lair:5)
  10 ugly things
  6 cyclopes
  14 elephants
  3 black mambas
  Joseph (D:7)
  2 ice statues (IceCv)
  4 torpor snails
  5 cane toads
  3 rime drakes
  3 unseen horrors
  A rime drake (shapeshifter) (Elf:2)
  A gargoyle (D:10)
  5 kobold demonologists
  4 komodo dragons
  A freezing wraith (IceCv)
  2 yaktaurs (shapeshifter)
  5 anaconda simulacra (IceCv)
  4 efreet
  4 ice devils (IceCv)
  A guardian mummy (D:15)
  8 trolls
  A hornet (D:9)
  A wind drake (D:15)
  13 slime creatures
  3 polar bears
  18 blink frogs
  3 water elementals
  An air elemental (Elf:2)
  A centaur simulacrum (D:15)
  7 wraiths
  A shadow (D:11)
  44 yaks
  A wyvern (Lair:5)
  6 basilisks
  Eustachio (D:4)
  A dire elephant simulacrum (IceCv)
  A steam dragon (D:8)
  2 redbacks (Lair:3)
  7 vampire mosquitoes
  A glowing shapeshifter zombie (D:15)
  Menkaure (D:4)
  Edmund (D:4)
  A death yak simulacrum (IceCv)
  A warg (Orc:2)
  A harpy simulacrum (IceCv)
  An acid dragon (D:12)
  3 hydra simulacra (IceCv)
  13 water moccasins
  23 orc warriors
  3 black bears
  6 sky beasts
  8 ogres
  35 wolves
  5 centaurs
  A phantom (D:4)
  17 kobold brigands
  3 necrophages
  10 bullfrogs
  A gnoll sergeant (D:9)
  2 scorpions
  2 earth elementals (Elf:1)
  4 killer bees (D:10)
  3 electric eels
  3 howler monkeys (D:12)
  A hound (D:4)
  A human zombie (Ossuary)
  4 jellies
  11 orc priests
  An iguana (D:5)
  Jessica (D:2)
  26 orc wizards
  A polar bear simulacrum (IceCv)
  3 mummies (Ossuary)
  12 gnolls
  12 adders
  2 white imps
  2 ufetubi
  4 adder zombies (Ossuary)
  A worm (D:4)
  3 dart slugs
  67 orcs
  9 ball pythons
  7 endoplasms
  2 giant cockroaches
  6 goblins
  10 hobgoblins
  7 jackals
  2 quokkas
  3 bats
  A frilled lizard (D:1)
  3 goblin zombies (Ossuary)
  A hobgoblin zombie (Ossuary)
  25 kobolds
  2 kobold zombies (Ossuary)
  4 quokka zombies (Ossuary)
  9 rats
  3 rat zombies (Ossuary)
786 creatures vanquished.

Vanquished Creatures (collateral kills)
  Saint Roka (Orc:2)
  2 dancing weapons (Elf:2)
  A deep elf pyromancer (Elf:2)
  A deep elf zephyrmancer (Elf:2)
  2 orc sorcerers (Orc:2)
  2 trolls (Orc:2)
  5 orc warriors (Orc:2)
  An ogre (Orc:2)
  An orc priest (Orc:2)
  2 orc wizards (Orc:2)
  13 orcs (Orc:2)
31 creatures vanquished.

Vanquished Creatures (others)
  A deep elf knight (Elf:2)
  A deep elf pyromancer (Elf:1)
  A bullfrog (D:8)
  An orc priest (Orc:2)
  28 fungi
  67 plants
  A withered plant (D:15)
100 creatures vanquished.

Grand Total: 917 creatures vanquished

Notes
Turn   | Place    | Note
-------+----------+-------------------------------------------
     0 | D:1      | brightshaft the Minotaur Berserker began the quest for the
                  | Orb.
     0 | D:1      | Reached XP level 1. HP: 19/19 MP: 0/0
   252 | D:1      | Reached XP level 2. HP: 18/27 MP: 1/1
   587 | D:1      | Found a faded altar of an unknown god.
  1092 | D:1      | Found Uxtonex's Weapon Boutique.
  1290 | D:2      | Reached XP level 3. HP: 30/33 MP: 2/2
  1567 | D:2      | Reached ** piety under Trog
  1903 | D:2      | Noticed Jessica
  1918 | D:2      | Killed Jessica
  1919 | D:2      | Reached XP level 4. HP: 33/40 MP: 3/3
  2269 | D:3      | Found Ocoptu's Armour Shop.
  2271 | D:3      | Identified the ring of Diwyzxis {rN+ Will+ Str+3 Dex-4
                  | Stlth+}
  2391 | D:3      | Reached skill level 5 in Axes
  2708 | D:3      | Reached XP level 5. HP: 44/47 MP: 4/4
  3418 | D:4      | Noticed Eustachio
  3419 | D:4      | Noticed Menkaure
  3430 | D:4      | Killed Menkaure
  3431 | D:4      | Reached skill level 5 in Fighting
  3431 | D:4      | Reached XP level 6. HP: 56/56 MP: 3/5
  3439 | D:4      | Killed Eustachio
  3604 | D:4      | Found a radiant altar of Vehumet.
  3715 | D:4      | Reached XP level 7. HP: 38/61 MP: 3/6
  3973 | D:4      | Noticed Edmund
  3986 | D:4      | Killed Edmund
  3987 | D:4      | Reached skill level 5 in Armour
  4351 | D:4      | Reached skill level 5 in Dodging
  4351 | D:4      | Reached XP level 8. HP: 43/70 MP: 2/7
  4609 | D:5      | Entered Level 5 of the Dungeon
  4747 | D:5      | Found a staircase to the Ecumenical Temple.
  5061 | D:6      | Identified the +10 mace "Nerovott" {speed, rElec rCorr
                  | Int+3 Dex-5}
  5367 | D:6      | Reached skill level 1 in Maces & Flails
  5542 | D:6      | Reached skill level 2 in Maces & Flails
  5745 | D:6      | Reached *** piety under Trog
  5747 | D:6      | Reached skill level 3 in Maces & Flails
  5877 | D:6      | Found an iron altar of Okawaru.
  6274 | D:7      | Noticed Joseph
  6290 | D:7      | Killed Joseph
  6291 | D:7      | Reached skill level 4 in Maces & Flails
  6291 | D:7      | Reached XP level 9. HP: 39/79 MP: 3/8
  6543 | D:7      | Found an opulent altar of Gozag.
  6869 | D:7      | Found a sand-covered staircase.
  6877 | Ossuary  | Entered an ossuary
  6981 | Ossuary  | Reached skill level 5 in Maces & Flails
  7838 | D:8      | Reached skill level 6 in Maces & Flails
  8062 | D:8      | Noticed an efreet
  8068 | D:8      | Killed an efreet
  8073 | D:8      | Reached skill level 7 in Maces & Flails
  8081 | D:8      | Noticed a kobold demonologist
  8091 | D:8      | Noticed a sun demon
  8096 | D:8      | Killed a kobold demonologist
  8125 | D:8      | Reached XP level 10. HP: 23/90 MP: 4/9
  8161 | D:8      | Reached **** piety under Trog
  8166 | D:8      | Reached skill level 8 in Maces & Flails
  9101 | D:9      | Found a staircase to the Lair.
  9367 | D:9      | Found Ysabex's Antique Weapon Emporium.
  9374 | D:9      | Reached skill level 9 in Maces & Flails
  9384 | D:9      | Bought a runed great mace for 228 gold pieces
  9716 | Lair:1   | Entered Level 1 of the Lair of Beasts
  9727 | Lair:1   | Noticed a black mamba
  9742 | Lair:1   | Killed a black mamba
  9747 | Lair:1   | HP: 6/136 [poisoned by a black mamba]
  9751 | Lair:1   | HP: 1/91 [poisoned by a black mamba]
 10211 | Lair:1   | Noticed a black mamba
 10223 | Lair:1   | Killed a black mamba
 10447 | Lair:1   | Reached skill level 10 in Maces & Flails
 10759 | Lair:1   | Reached XP level 11. HP: 78/99 MP: 7/10
 11328 | Lair:2   | Identified a scroll of acquirement
 11328 | Lair:2   | Acquired 711 gold pieces
 11334 | Lair:2   | Noticed Fannar
 11357 | Lair:2   | Killed Fannar
 11358 | Lair:2   | Reached skill level 10 in Fighting
 11619 | Lair:2   | Found a frozen archway.
 11628 | IceCv    | Entered an ice cave
 11644 | IceCv    | Reached ***** piety under Trog
 11661 | IceCv    | Reached skill level 11 in Maces & Flails
 11985 | IceCv    | Reached skill level 10 in Armour
 13025 | IceCv    | Noticed a bog body
 13025 | IceCv    | Noticed a necromancer
 13029 | IceCv    | Killed a bog body
 13030 | IceCv    | Reached skill level 12 in Maces & Flails
 13033 | IceCv    | Killed a necromancer
 13215 | Lair:2   | Reached XP level 12. HP: 53/110 MP: 8/11
 13501 | Lair:2   | Reached skill level 10 in Dodging
 13891 | Lair:2   | Identified the +0 robe of Tender Moments {+Blink rF+
                  | Stlth+}
 13903 | Lair:2   | Found a staircase to the Swamp.
 14191 | Lair:3   | Found a hole to the Spider Nest.
 14231 | Lair:3   | Noticed an eight-headed hydra
 14241 | Lair:3   | Killed an eight-headed hydra
 14242 | Lair:3   | Reached skill level 13 in Maces & Flails
 14542 | Lair:3   | Identified the +11 sling of the Destroying Gods {vorpal,
                  | *Slow rF+ Dex+6 Stlth+}
 14693 | Lair:3   | Noticed a death yak
 14693 | Lair:3   | Noticed a death yak
 14693 | Lair:3   | Noticed a death yak
 14703 | Lair:3   | Noticed a death yak
 14705 | Lair:3   | Noticed a death yak
 14706 | Lair:3   | Killed a death yak
 14712 | Lair:3   | Killed a death yak
 14716 | Lair:3   | Killed a death yak
 14725 | Lair:3   | Killed a death yak
 14730 | Lair:3   | Killed a death yak
 14741 | Lair:3   | Reached skill level 14 in Maces & Flails
 15893 | Lair:4   | Found a viscous altar of Jiyva.
 15895 | Lair:4   | Found a staircase to the Slime Pits.
 16317 | Lair:4   | Found a snail-covered altar of Cheibriados.
 16492 | Lair:4   | You fall into a shaft and drop 1 floor!
 16492 | Lair:5   | Entered Level 5 of the Lair of Beasts
 16501 | Lair:5   | Reached XP level 13. HP: 103/119 MP: 12/12
 16570 | Lair:5   | Received a gift from Trog
 16766 | Lair:5   | Reached skill level 15 in Maces & Flails
 18285 | Lair:5   | Reached skill level 16 in Maces & Flails
 19272 | Lair:5   | Identified the ring of Xotz {rF+ Str+4}
 19595 | D:3      | Bought the +9 scales of the Dragon King {rPois rF+ rC+
                  | Will+} for 1497 gold pieces
 19595 | D:3      | Found the +9 scales of the Dragon King {rPois rF+ rC+
                  | Will+}
 20295 | Lair:5   | Identified the +6 halberd of Articulation {protect, rElec
                  | rPois Dex-5}
 20343 | Lair:5   | Received a gift from Trog
 20446 | Lair:5   | Reached XP level 14. HP: 100/130 MP: 9/13
 20890 | D:10     | Entered Level 10 of the Dungeon
 20890 | D:10     | Found Sioquowk's Book Shoppe.
 20895 | D:10     | Found Ypohaj's Magic Scroll Shoppe.
 21022 | D:10     | Bought a scroll of enchant armour for 105 gold pieces
 21022 | D:10     | Bought a scroll of enchant weapon for 105 gold pieces
 21054 | D:10     | Found Meub's Magic Scroll Emporium.
 21178 | D:10     | Found Molikk's Book Shop.
 21194 | D:10     | Found Reuptoch's Armour Shop.
 21202 | D:10     | Acquired the amulet of Vitality {RegenMP++ Regen++}
 21202 | D:10     | Found the amulet of Vitality {RegenMP++ Regen++}
 21272 | D:10     | Bought a scroll of brand weapon for 133 gold pieces
 21366 | D:10     | Found a portal to a secret trove of treasure.
 21605 | D:10     | Reached skill level 17 in Maces & Flails
 21773 | D:11     | Identified the +1 robe of Death's Door {rC- rCorr Str+5
                  | Slay+2}
 21807 | D:11     | Noticed Harold
 21812 | D:11     | Killed Harold
 22590 | D:12     | Found a staircase to the Orcish Mines.
 22940 | D:12     | Reached skill level 1 in Evocations
 23226 | D:12     | Noticed Nergalle
 23230 | D:12     | Killed Nergalle
 23230 | D:12     | Received a gift from Trog
 23306 | D:12     | Found a glowing silver altar of Zin.
 23414 | D:12     | Noticed Josephine
 23417 | D:12     | Killed Josephine
 23454 | Orc:1    | Entered Level 1 of the Orcish Mines
 23574 | Orc:2    | Entered Level 2 of the Orcish Mines
 23724 | Orc:2    | Reached skill level 18 in Maces & Flails
 23735 | Orc:2    | Noticed Saint Roka
 23769 | Orc:2    | Killed Saint Roka
 24035 | Orc:2    | Found a staircase to the Elven Halls.
 24089 | Orc:2    | Noticed an orc warlord
 24091 | Orc:2    | Received a gift from Trog
 24106 | Orc:2    | Killed an orc warlord
 24210 | Orc:2    | HP: 5/120 [orc sorcerer/bolt of negative energy[Saint Roka]
                  | (45)]
 24220 | Orc:2    | Reached XP level 15. HP: 54/127 MP: 14/14
 24299 | Orc:2    | Found Selojeng's Antique Armour Shoppe.
 24304 | Orc:2    | Found Cubil's Book Shoppe.
 24375 | Orc:2    | Found Mirchu Cebb's General Store.
 24467 | Orc:2    | Found Jagaskit's Antique Weapon Shoppe.
 24634 | Orc:1    | Noticed Erolcha
 24640 | Orc:1    | Killed Erolcha
 24756 | Orc:1    | Noticed Erica
 24760 | Orc:1    | Killed Erica
 24977 | D:10     | Bought the +2 pair of boots of the Slug {Regen+ Str+5} for
                  | 416 gold pieces
 25503 | D:13     | Found a gate to the Vaults.
 25554 | D:13     | Reached skill level 15 in Fighting
 26111 | D:10     | Bought a scroll of enchant weapon for 105 gold pieces
 26111 | D:10     | Bought a scroll of enchant weapon for 105 gold pieces
 26255 | D:14     | Reached skill level 19 in Maces & Flails
 26376 | D:14     | Reached skill level 15 in Armour
 26446 | D:14     | Received a gift from Trog
 26552 | D:14     | You fall into a shaft and drop 1 floor!
 26552 | D:15     | Entered Level 15 of the Dungeon
 26714 | D:15     | Reached skill level 5 in Evocations
 26850 | D:15     | Found a staircase to the Depths.
 27171 | D:10     | Bought a +0 pair of gloves for 58 gold pieces
 27856 | Elf:1    | Entered Level 1 of the Elven Halls
 27924 | Elf:1    | Reached XP level 16. HP: 85/151 MP: 15/15
 28292 | Elf:1    | Received a gift from Trog
 28496 | Elf:1    | Found Kusyn's Weapon Shoppe.
 28971 | Elf:2    | Reached skill level 15 in Dodging
 28991 | Elf:3    | Entered Level 3 of the Elven Halls
 29317 | Elf:2    | Reached ****** piety under Trog
 29360 | Elf:2    | Found a runed translucent gate.
 29360 | Elf:2    | Found a runed translucent gate.
 29361 | Elf:2    | Found a runed translucent gate.
 29564 | Elf:2    | Noticed a deep elf blademaster
 29585 | Elf:2    | Killed a deep elf blademaster
 29593 | Elf:2    | Received a gift from Trog
 29942 | Elf:3    | Reached XP level 17. HP: 155/161 MP: 16/16
 30071 | Elf:3    | Found Ofienic's Assorted Antiques.
 30079 | Elf:3    | Bought a potion of heal wounds for 155 gold pieces
 30347 | Elf:3    | Noticed an Ice Fiend
 30355 | Elf:3    | Killed from afar by a deep elf high priest

Illustrated notes

Levels and vault maps discovered:
D:1:      dpeg_arrival_ratfight, layout_loops_corners,
          shapermc_ecumenical_altar_ellora, serial_shops,
          nicolae_shop_bloodbath_and_beyond, minmay_split_cup_large
D:2:      layout_loops_corners, uniq_jessica
D:3:      layout_loops_ring, serial_shops, nicolae_shop_waterfront
D:4:      kennysheep_spiral_hall, layout_loops_corners,
          nicolae_vehumet_altar_sigil, grunt_ministairs_12, uniq_menkaure,
          uniq_edmund, uniq_eustachio
D:5:      layout_rooms, minmay_temple_entry_large_hall
D:6:      layout_basic, mainiacjoe_overflow_six_doors_small
D:7:      layout_basic, nicolae_gozag_cash_rules_everything_around_me,
          chequers_ossuary_entry_cave, minmay_misc_feat_room, uniq_joseph
D:8:      layout_rooms, special_room [special_room_kobold]
D:9:      layout_cross, serial_shops, nicolae_stop_n_shop_1, grunt_ministairs_14
D:10:     layout_basic, enter_trove_1, serial_shops,
          nicolae_shop_temple_entry_statues_fountains, shop,
          nicolae_shop_advertising_works [nicolae_subvault_shop_adworks],
          nicolae_shop_statue_plus, nicolae_shop_statue_plus
D:11:     layout_layer_cave, uniq_harold
D:12:     layout_basic, orc_0_dummy, minmay_ruined_shrine, uniq_nergalle,
          uniq_josephine
D:13:     layout_stronghold, lightli_vaults_fourway_checkpoint
D:14:     layout_cave_pools, serial_bayou_shore_a, hex_medium,
          grunt_ministairs_10, minmay_misc_feat_diagonals,
          minmay_misc_feat_more_columns
D:15:     gammafunk_depths_entry_grave, layout_irregular_city,
          serial_bayou_pond_c, dreamdust_looks_like_rain
Lair:1:   layout_cave_pods, gauntlet_entry_generic
Lair:2:   layout_regular_city, minmay_swamp_entry_worms,
          portal_ice_cave_entry_pillars_2, infiniplex_staircase_pool_2,
          grunt_megastairs_1, uniq_fannar
Lair:3:   layout_regular_city, spider_nest_entry_webs, serial_bayou_pond_b,
          grunt_megastairs_3
Lair:4:   layout_roguey, dpeg_slime_entry_corner, kennysheep_snail_temple,
          lemuel_fruit_fields
Lair:5:   evilmike_catoblepas_cave, layout_cave_pods, grunt_megastairs_5
Orc:1:    cheibrodos_orc_bank, layout_caves, uniq_erica, uniq_erolcha
Orc:2:    grunt_orc_cross, layout_diamond_mine
Elf:1:    elf_arrival_001, layout_geoelf_grid, serial_shops, shop,
          minmay_elf_sorcery, hangedman_elf_power_crystal,
          palyth_stone_intersect, st_stairs_1
Elf:2:    elven_hall_of_blades_hangedman_original
          [nicolae_blade_entry_sentries_behind_glass], layout_geoelf_octagon
Elf:3:    minmay_elf_hall_four_x, layout_rooms, serial_shops, shop, nrook_uturn,
          hex_intersection, amcnicky_mini_pool_small

Skill      XL: |  1  2  3  4  5  6  7  8  9 10 11 12 13 14 15 16 17 |
---------------+----------------------------------------------------+-----
Axes           | 4 5 6 8 |  8.6
Fighting       | 4 5 6 7 8 9 11 12 13 14 15 17 | 17.4
Armour         | 3 4 5 6 8 9 10 12 13 14 15 17 | 17.4
Dodging        | 3 4 5 6 7 8 9 11 12 13 14 15 16 | 16.0
Maces & Flails | 4 7 10 12 14 16 18 19 | 19.3
Evocations     | 3 5 8 |  8.5

Action                   |  1- 3 |  4- 6 |  7- 9 | 10-12 | 13-15 | 16-18 || total
-------------------------+-------+-------+-------+-------+-------+-------++-------
Melee: Hand axe          |    83 |    12 |       |       |       |       ||    95
       Headbutt          |    12 |    13 |    24 |    91 |   225 |    51 ||   416
       War axe           |       |    98 |    69 |       |       |       ||   167
       Punch             |       |     1 |     4 |     5 |       |       ||    10
       Mace              |       |       |   199 |   351 |       |       ||   550
       Great mace        |       |       |       |   228 |   978 |   336 ||  1542
Invok: Trog's Hand       |     1 |     1 |     2 |     2 |     4 |     4 ||    14
       Berserk           |       |     1 |     5 |     4 |     4 |     1 ||    15
       Brothers in Arms  |       |       |       |       |     3 |     1 ||     4
Evoke: Wand              |       |       |       |       |     2 |       ||     2
  Use: Scroll            |       |     6 |     7 |     6 |    22 |     1 ||    42
       Potion            |       |       |     1 |     3 |     4 |     3 ||    11
 Stab: Petrified         |       |       |       |       |     1 |       ||     1
Armor: Leather armour    |     3 |       |       |       |       |       ||     3
       Animal skin       |     1 |       |       |       |       |       ||     1
       Chain mail        |    40 |    90 |   126 |   237 |       |       ||   493
       Crystal plate arm |       |       |       |   215 |   302 |       ||   517
       Gold dragon scale |       |       |       |       |   652 |   243 ||   895
Dodge: Dodged            |    42 |    57 |    88 |   300 |   517 |   140 ||  1144
